 Dungeon Crawl Stone Soup version 0.30.1-9-gdf580d7c3d (webtiles) character file.

Game seed: 1879737440202807380

5164 growler the Zephyrmancer (level 10, -2/56 HPs)
             Began as a Tengu Air Elementalist on Sept 28, 2023.
             Was a Follower of Hepliaklqana.
             Slain by a shadow (10 damage)
             ... on level 9 of the Dungeon.
             The game lasted 00:22:49 (10521 turns).

growler the Zephyrmancer (Tengu Air Elementalist)  Turns: 10521, Time: 00:22:49

Health: -2/56      AC:  4    Str: 10    XL:     10   Next: 59%
Magic:  2/20       EV: 15    Int: 19    God:    Hepliaklqana [*.....]
Gold:   424        SH:  0    Dex: 17    Spells: 11/21 levels left

rFire   . . .        s - +1 short sword (drain)
rCold   . . .        (no shield)
rNeg    + . .        t - +2 robe of Spring Thaw {rN+ Dex+3}
rPois   .            (helmet restricted)
rElec   .            (no cloak)
rCorr   .            (no gloves)
SInv    .            (boots unavailable)
Will    .....        (no amulet)
Stlth   ++           (no ring)
HPRegen 0.29/turn    (no ring)
MPRegen 0.17/turn

%: no passive effects
@: flying quickly and evasively, quick
A: reduced essence, beak, talons 3, nimble flight
a: Renounce Religion, Recall Ancestor, Ancestor Identity


You were on level 9 of the Dungeon.
You worshipped Hepliaklqana.
Hepliaklqana was aware of your devotion.
You visited 2 branches of the dungeon, and saw 10 of its levels.

You collected 424 gold pieces.

Inventory:

Hand Weapons
 s - a +1 short sword of draining (weapon)
 w - the +5 woodcutter's axe
   (You found it on level 4 of the Dungeon)
 A - a +4 dagger
Missiles
 H - a throwing net
Armour
 r - a +0 kite shield
 t - the +2 robe of Spring Thaw (worn) {rN+ Dex+3}
   (You found it on level 3 of the Dungeon)

   Dex:       It affects your dexterity (+3).
   rN:        It protects you from negative energy.
 I - a +1 hat
Jewellery
 g - an amulet of faith
Wands
 u - a wand of flame (17)
 B - a wand of polymorph (9)
 C - a wand of paralysis (5)
Scrolls
 c - 2 scrolls of magic mapping {unknown}
 d - 4 scrolls of fog
 e - 6 scrolls of teleportation
 f - a scroll of blinking {unknown}
 i - a scroll of torment {unknown}
 l - 2 scrolls of fear {unknown}
 n - a scroll of immolation {unknown}
 o - 3 scrolls of poison {unknown}
 p - a scroll of amnesia
 x - 3 scrolls of vulnerability {unknown}
 y - 2 scrolls of enchant weapon {unknown}
 G - a scroll of enchant armour {unknown}
Potions
 a - 2 potions of haste
 b - a potion of magic
 h - 3 potions of flight
 j - 7 potions of curing
 k - 2 potions of brilliance
 m - a potion of berserk rage
 q - a potion of might {unknown}
 v - a potion of mutation {unknown}
 z - a potion of resistance
 D - a potion of lignification {unknown}
 F - 3 potions of heal wounds


   Skills:
 + Level 7.4 Fighting
 - Level 2.7 Dodging
 - Level 2.5 Stealth
 + Level 5.8 Shields
 - Level 6.0 Spellcasting
 - Level 6.0 Conjurations
 + Level 12.2 Air Magic


You had 11 spell levels left.
You knew the following spells:

 Your Spells              Type           Power      Damage    Failure   Level
a - Shock                 Conj/Air       100%       1d9       1%          1
b - Static Discharge      Conj/Air       80%        2-6/arc   1%          2
c - Swiftness             Air            51%        N/A       1%          3
d - Airstrike             Air            25%        2d(4-20)  1%          4

Your spell library contained the following spells:

 Spells                   Type           Power      Damage    Failure   Level
 Ensorcelled Hibernation  Hex/Ice        10%        N/A       17%         2
 Spider Form              Tmut/Pois      5%         N/A       32%         3
 Anguish                  Hex/Necr       2%         N/A       73%         4


Dungeon Overview and Level Annotations

Branches:
Dungeon (9/15)             Temple (1/1) D:7            Lair (0/5) D:8
    Orc: D:9-12

Altars:
Ashenzari
Cheibriados
Elyvilon
Fedhas
Hepliaklqana
Nemelex Xobeh
Trog
Yredelemnul
Zin
The Shining One

Shops:
D:3 *   D:4 =   D:5 !:   D:9 !

Annotations:
D:8 2 transporters, Shake04's ghost, novice GrGl
D:9 Amaemon; Maurice


Innate Abilities, Weirdness & Mutations

Your life essence is reduced to manifest your ancestor. (-10% HP)
You have a beak for a mouth.
You have claws for feet.
Your magical nature lets you fly swiftly and evasively.


Message History

Reggie B. completely misses the scorpion.
Amaemon barely misses Reggie B..
Amaemon claws Reggie B.!
Amaemon tail-slaps Reggie B..
Reggie B. is destroyed!
Okay, then.
Things that are here:
a +0 dagger; an orc corpse You hear the steady creaking of a very distant portcullis.
Found a scroll labelled KEWIOHI OLIETZ.
The scorpion disappears in a puff of smoke!
The shadow slips into darkness.
The shadow flickers and vanishes!
Deactivating autopickup; reactivate with Ctrl-A.
Casting: Airstrike (dangerous; 1% risk of failure)
Confirm with . or Enter, or press ? or * to list all spells.
Aiming: Airstrike (dangerous; 1% risk of failure)
Press: ? - help, Dir - move target The air twists around and strikes something!!
The shadow strikes at you from the darkness!
Reactivating autopickup.
You closely miss the shadow.
The shadow is severely damaged.
The shadow misses you.
You hit the shadow but do no damage. Your kick misses the shadow.
You peck the shadow, but do no damage.
The shadow is severely damaged.
The shadow barely misses you.
You hit the shadow.
The shadow is severely damaged.
Maurice mumbles some strange words.
Maurice flickers and vanishes!
Deactivating autopickup; reactivate with Ctrl-A.
The shadow slips into darkness.
The shadow flickers and vanishes!
The shadow strikes at you from the darkness!
* * * LOW HITPOINT WARNING * * *
Reactivating autopickup.
There is a stone staircase leading up here.
The shadow hits you!
You die...

###...#.# ####.......#
####### #......)...######
#.....####.######...).....
........##.##...R..)#####
........##.##.###)).######.
........+........!)>.......
.)......##.....####.########
)..##..........W@...........
....######..##.####.######.#
....#..........# #.#
..#.##......##.# #.#
....####.####.... ..#
....####....#.####.##
.......{........ ..
......4.......## ..
.............##


You could see a shadow.

Vanquished Creatures
  A two-headed ogre (D:8)
  Pikel (D:8)
  2 steam dragons (D:8)
  Menkaure (D:4)
  Grum (D:8)
  4 ice beasts
  2 black bears (D:4)
  3 orc warriors
  A sky beast (D:6)
  An ogre (D:4)
  3 centaurs
  2 wolves
  4 lemures (D:8)
  2 phantoms
  Blork the orc (D:4)
  2 kobold brigands (D:7)
  4 bullfrogs
  2 gnoll sergeants (D:8)
  2 scorpions (D:6)
  12 wights
  2 jellies (D:4)
  2 hounds
  A gnoll bouda (D:5)
  3 orc priests (D:9)
  4 iguanas
  A sleepcap (D:5)
  Ijyb (D:4)
  4 orc wizards
  10 gnolls
  4 adders
  2 shadow imps
  A white imp (D:6)
  An ufetubus (D:4)
  2 worms
  16 orcs
  4 bats
  8 endoplasms
  19 giant cockroaches
  12 hobgoblins
  17 kobolds
  3 quokkas
  8 ball pythons
  3 frilled lizards
  8 goblins
  2 rats
189 creatures vanquished.

Vanquished Creatures (collateral kills)
  An orc wizard (D:9)
1 creature vanquished.

Vanquished Creatures (others)
  An ancestor (D:9)
1 creature vanquished.

Grand Total: 191 creatures vanquished

Notes
Turn   | Place    | Note
-------+----------+-------------------------------------------
     0 | D:1      | growler the Tengu Air Elementalist began the quest for the
                  | Orb.
     0 | D:1      | Reached XP level 1. HP: 10/10 MP: 4/4
   263 | D:1      | Reached XP level 2. HP: 15/15 MP: 3/6
   266 | D:1      | Learned a level 2 spell: Static Discharge
   586 | D:1      | Reached XP level 3. HP: 19/19 MP: 5/7
   590 | D:1      | Learned a level 3 spell: Swiftness
  1425 | D:2      | Found a faded altar of an unknown god.
  1557 | D:2      | You fall into a shaft and drop 1 floor!
  1632 | D:3      | Found the +7 Kryia's mail coat {PotionHeal*2 rC+}
  1643 | D:3      | Reached XP level 4. HP: 24/24 MP: 4/8
  2401 | D:3      | Reached skill level 5 in Air Magic
  2458 | D:3      | Identified the +2 robe of Spring Thaw {rN+ Dex+3}
  2494 | D:3      | Found Deemuaz's Assorted Antiques.
  2792 | D:3      | Gained mutation: Your magical nature lets you fly swiftly
                  | and evasively. [Tengu growth]
  2792 | D:3      | Reached XP level 5. HP: 26/28 MP: 2/10
  2914 | D:4      | Found Ilugokoo's Jewellery Shoppe.
  3303 | D:4      | Noticed Ijyb
  3509 | D:3      | Learned a level 4 spell: Airstrike
  3547 | D:4      | Killed Ijyb
  3640 | D:4      | Noticed Blork the orc
  3717 | D:4      | Killed Blork the orc
  3718 | D:4      | Reached XP level 6. HP: 30/32 MP: 2/12
  3797 | D:4      | Found the +5 woodcutter's axe
  3852 | D:4      | Noticed Menkaure
  4055 | D:4      | Killed Menkaure
  4056 | D:4      | Reached skill level 6 in Air Magic
  4158 | D:4      | Noticed a black bear
  4185 | D:4      | Killed a black bear
  4186 | D:4      | Reached skill level 5 in Conjurations
  4186 | D:4      | Reached XP level 7. HP: 28/36 MP: 2/14
  4449 | D:4      | Reached skill level 7 in Air Magic
  4739 | D:5      | Entered Level 5 of the Dungeon
  4770 | D:5      | Found Yvirur's Distillery.
  4892 | D:5      | Reached skill level 1 in Fighting
  4892 | D:5      | Reached XP level 8. HP: 43/43 MP: 3/16
  4953 | D:5      | Reached skill level 5 in Spellcasting
  5148 | D:5      | Found Oruumm's Tiny Tomes.
  6184 | D:6      | Reached skill level 8 in Air Magic
  6534 | D:6      | Found a glowing golden altar of the Shining One.
  6689 | D:6      | Reached skill level 9 in Air Magic
  6839 | D:6      | Reached XP level 9. HP: 52/52 MP: 10/19
  7400 | D:7      | Reached skill level 1 in Shields
  7853 | D:7      | Reached skill level 5 in Fighting
  7853 | D:7      | Reached skill level 10 in Air Magic
  7944 | D:7      | Found a staircase to the Ecumenical Temple.
  7949 | Temple   | Entered the Ecumenical Temple
  7954 | Temple   | Became a worshipper of Hepliaklqana the Forgotten
  8592 | D:8      | Found a transporter.
  8640 | D:8      | Noticed Shake04's ghost (novice GrGl)
  8643 | D:8      | Noticed a gargoyle
  8648 | D:8      | Noticed Grum
  8790 | D:8      | Killed Grum
  8811 | D:8      | Reached skill level 11 in Air Magic
  9003 | D:8      | Noticed a two-headed ogre
  9006 | D:8      | Killed a two-headed ogre
  9007 | D:8      | Reached XP level 10. HP: 61/61 MP: 10/20
  9105 | D:8      | Found a transporter.
  9271 | D:8      | Found a staircase to the Lair.
  9281 | D:8      | Noticed Pikel
  9284 | D:8      | Reached skill level 5 in Shields
  9629 | D:8      | Killed Pikel
  9719 | D:8      | Reached skill level 12 in Air Magic
  9841 | D:8      | Reached * piety under Hepliaklqana
  9975 | D:8      | Found a blossoming altar of Fedhas.
  9984 | D:8      | Found a snail-covered altar of Cheibriados.
 10352 | D:9      | Found Xyeggih's Distillery.
 10476 | D:9      | Noticed Amaemon
 10476 | D:9      | Noticed an orange demon
 10484 | D:9      | Noticed Maurice
 10521 | D:9      | Slain by a shadow

Illustrated notes

Levels and vault maps discovered:
D:1:      shiori_angband_town, layout_rooms, minmay_vboxes
D:2:      minmay_roachtagon, layout_loops_ring, ebering_ecumenical_altar_ruins
D:3:      layout_loops_ring, serial_shops, nicolae_shop_window_shopping,
          dreamdust_princess_corridor, minivault_4
D:4:      layout_gridville, serial_shops, nicolae_shop_pleasant_corner_grove,
          minmay_goblin_kobold_house, uniq_menkaure, uniq_ijyb,
          uniq_blork_the_orc
D:5:      layout_gridville, serial_shops, shop,
          nicolae_shop_i_like_small_books_too
D:6:      layout_basic, mainiacjoe_overflow_small_starburst,
          amcnicky_mini_pool_small
D:7:      layout_cave_pods, minmay_temple_entry_nine_rooms,
          chequers_ossuary_entry_cave
D:8:      layout_rooms, amethyst_overflow_temple_binary, lair_entry_dummy,
          nzn_ghost_randoct, uniq_grum, uniq_pikel
D:9:      layout_basic, enter_bailey_8, serial_shops, shop, uniq_maurice,
          uniq_joseph, uniq_amaemon
Temple:   nicolae_temple_bog_church

Skill      XL: |  1  2  3  4  5  6  7  8  9 10 |
---------------+-------------------------------+-----
Conjurations   | 2 3 4 5 6 |  6.0
Air Magic      | 5 6 7 9 11 12 | 12.2
Spellcasting   | 3 4 6 |  6.0
Fighting       | 1 4 6 7 |  7.4
Shields        | 4 5 |  5.8
Dodging        | |  2.7
Stealth        | |  2.5

Action                     |  1- 3 |  4- 6 |  7- 9 | 10-12 || total
---------------------------+-------+-------+-------+-------++-------
  Melee: Unarmed           |    27 |       |       |       ||    27
         Kick              |    10 |       |     2 |     4 ||    16
         Peck              |     6 |       |       |     1 ||     7
         Short sword       |       |     4 |     6 |    13 ||    23
   Cast: Shock             |    72 |    79 |   148 |    25 ||   324
         Static Discharge  |       |    14 |    22 |     3 ||    39
         Airstrike         |       |     6 |    40 |    41 ||    87
 Invoke: Recall Ancestor   |       |       |       |     1 ||     1
         Ancestor Identity |       |       |       |     1 ||     1
    Use: Scroll            |     3 |     1 |     2 |     3 ||     9
         Potion            |       |       |       |     2 ||     2
   Stab: Sleeping          |       |       |     1 |       ||     1
 Armour: Robe              |     4 |     6 |     7 |     4 ||    21
  Dodge: Dodged            |    17 |    22 |    42 |    12 ||    93
